 Dungeon Crawl Stone Soup version 0.24-a0-67-ga78bd38 (webtiles) character file.

Game seed: 6548304706871529099

92 Amnesiac the Cutter (level 4, -1/23 HPs)
             Began as a Vine Stalker Monk on Feb 5, 2019.
             Slain by an ogre
             ... wielding a +0 giant club
              (7 damage)
             ... on level 4 of the Dungeon.
             The game lasted 00:01:57 (1310 turns).

Amnesiac the Cutter (Vine Stalker Monk)             Turns: 1310, Time: 00:01:58

Health: -1/23      AC:  6    Str: 15    XL:     4   Next: 60%
Magic:  0/5        EV: 11    Int: 10    God:
Gold:   129        SH:  0    Dex: 16    Spells: 3/3 levels left

rFire    . . .     SeeInvis .   a - +1 short sword
rCold    . . .     Gourm    .   (no shield)
rNeg     . . .     Faith    .   d - +0 ring mail
rPois    .         Spirit   +   (no helmet)
rElec    .         Reflect  .   (no cloak)
rCorr    .         Harm     .   e - +0 pair of gloves
MR       .....                  (no boots)
Stlth    ++........             (no amulet)
HPRegen  0.47/turn              (no ring)
MPRegen  0.09/turn              (no ring)

@: about to teleport
A: fangs 2, regeneration 1, magic shield, antimagic bite, no potion heal 3, rot
immunity
a: no special abilities


You were on level 4 of the Dungeon.
You were not hungry.

You visited 1 branch of the dungeon, and saw 4 of its levels.

You collected 129 gold pieces.

Inventory:

Hand Weapons
 a - a +1 short sword (weapon)
Armour
 d - a +0 ring mail (worn)
 e - a +0 pair of gloves (worn)
Scrolls
 b - a scroll of noise {!r, unknown}
 g - a scroll of teleportation {!r}
 h - a scroll of fog {!r}
 i - a scroll of identify {!r}
Potions
 k - a potion of curing {!q}
Comestibles
 c - 2 rations
 f - 13 chunks of flesh


   Skills:
 - Level 2.6 Fighting
 + Level 4.7 Short Blades
 - Level 2.4 Dodging
 - Level 2.4 Stealth


You had 3 spell levels left.
You didn't know any spells.
Your spell library was empty.

Dungeon Overview and Level Annotations

Branches:
Dungeon (4/15)
 Temple: D:4-7

Altars:

Annotations:
D:2 Sigmund


Innate Abilities, Weirdness & Mutations

You have extremely sharp teeth.
Your natural rate of healing is unusually fast.
When hurt, damage is shared between your health and your magic reserves.
Your bite disrupts and absorbs the magic of your enemies.
Potions cannot restore your health.
You are immune to rotting.


Message History

The orc closely misses you.
You hit the orc.
The orc is almost dead.
The orc hits you.
You barely miss the orc.
The orc is almost dead.
The orc hits you but does no damage.
You puncture the orc!
You kill the orc!
You see here an orc corpse.
You butcher the orc corpse.
f - 14 chunks of flesh (gained 4)
You see here an orc skeleton.
You now have 129 gold pieces (gained 6).
i - 2 scrolls labeled ZOHAC HOET {!r} (gained 1)
You hear the slow hiss of a distant avalanche of sand.
Magic restored.
Eating one of 14 chunks of flesh.
You eat one of the 14 chunks of flesh.
This raw flesh tastes terrible.
An orc comes into view. It is wielding a +0 flail.
An orc is nearby!
A dart slug comes into view.
Found a scroll labeled IPHAJO SADURO.
You open the door. The orc misses you.
An ogre comes into view. It is wielding a +0 giant club.
The ogre shouts!
There is an open door here.
Really read
l - a scroll labeled DOOMAXKE NOITE {!r}?
As you read the scroll labeled DOOMAXKE NOITE {!r}, it crumbles to dust.
It is a scroll of enchant weapon.
Your +0 short sword glows red for a moment.
You hear the slow hiss of a distant avalanche of sand.
The orc barely misses you. The ogre barely misses you.
Really read
j - a scroll labeled ZODIUPA UVUI {!r}?
As you read the scroll labeled ZODIUPA UVUI {!r}, it crumbles to dust.
It is a scroll of amnesia.
You feel forgetful for a moment. The orc hits you with a +0 flail.
Really read
i - 2 scrolls labeled ZOHAC HOET {!r}?
As you read the scroll labeled ZOHAC HOET {!r}, it crumbles to dust.
It is a scroll of identify.
k - a potion of curing {!q} The ogre misses you.
The orc hits you with a +0 flail.
Really read
h - 2 scrolls labeled HOESAF QUUPS {!r}?
As you read the scroll labeled HOESAF QUUPS {!r}, it crumbles to dust.
The scroll dissolves into smoke.
It was a scroll of fog {!r}.
The ogre hits you but does no damage. The orc closely misses you.
Really read
g - 2 scrolls labeled UROOLA ASIPSU {!r}?
As you read the scroll labeled UROOLA ASIPSU {!r}, it crumbles to dust.
You feel strangely unstable.
It was a scroll of teleportation {!r}.
The ogre hits you with a +0 giant club!!
Ouch! That really hurt!
* * * LOW HITPOINT WARNING * * *
Take off which item? (? for menu, Esc to quit)
Okay, then.
Unknown command.
Okay, then.
You puncture the ogre! You bite the ogre. You drain its power.
You feel invigorated.
The ogre is moderately wounded.
The orc hits you but does no damage.
You hit the ogre.
The ogre is heavily wounded.
The ogre hits you with a +0 giant club!
You die...

######### ....^...#
........# ........#
..?.....#
......w.##########
.......§wo@O§.....
........############
.######.#..........#
#.#.##..####.#
#.#.#......#.#
#.#.#......#.#
#.#.#..#####.#
#.#..........#
####.#.###########


You could see an ogre, a dart slug and an orc.

Vanquished Creatures
  A worker ant (D:2)
  A dart slug (D:1)
  A leopard gecko (D:1)
  8 orcs
  6 bats
  3 giant cockroaches
  4 goblins (D:1)
  2 hobgoblins
  11 jackals
  6 frilled lizards
  8 kobolds
  2 rats
53 creatures vanquished.

Notes
Turn   | Place    | Note
-------+----------+-------------------------------------------
     0 | D:1      | Amnesiac the Vine Stalker Monk began the quest for the Orb.
     0 | D:1      | Reached XP level 1. HP: 11/11 MP: 2/2
    96 | D:1      | Reached skill level 3 in Short Blades
   120 | D:1      | Reached XP level 2. HP: 9/16 MP: 3/3
   514 | D:1      | Reached XP level 3. HP: 17/19 MP: 2/4
   744 | D:2      | Reached skill level 4 in Short Blades
   916 | D:2      | Noticed Sigmund
   918 | D:2      | Gained mutation: Your natural rate of healing is unusually
                  | fast. [Vine Stalker growth]
   918 | D:2      | Reached XP level 4. HP: 16/23 MP: 5/5
  1301 | D:4      | Noticed an ogre
  1310 | D:4      | Slain by an ogre

Vault maps used:
D:1:      onia_arrival_pyramid, hangedman_abyss_or_decor_lesser_grid
D:2:      uniq_sigmund
D:3:      lemuel_round_altar, grunt_ministairs_14, led_xom_imps
D:4:      first_ration, serial_shops, kennysheep_mini_moat, enter_ossuary_4

Skill      XL: |  1  2  3 |
---------------+----------+-----
Short Blades   | 3 4 |  4.7
Fighting       | |  2.6
Dodging        | |  2.4
Stealth        | |  2.4

Action                   |  1- 3 |  4- 6 || total
-------------------------+-------+-------++-------
Melee: Short sword       |    94 |   104 ||   198
       Bite              |    23 |    29 ||    52
  Use: Scroll            |       |     5 ||     5
 Stab: Sleeping          |     2 |       ||     2
  Eat: Chunk             |       |     2 ||     2
Armor: Ring mail         |    38 |    50 ||    88
Dodge: Dodged            |    56 |    70 ||   126

Table legend:
 A = Non-vault XP
 B = Vault XP
 C = Vault XP percentage of total XP
 D = Non-vault monster count
 E = Vault monster count
 F = Vault count percentage of total count
                 A         B        C        D         E       F
            +---------+---------+-------+---------+---------+-------
      Total |     129 |       3 |   2.3 |      51 |       2 |   3.8
            +---------+---------+-------+---------+---------+-------
        D:1 |      39 |       0 |   0.0 |      23 |       0 |   0.0
        D:2 |      43 |       0 |   0.0 |       6 |       0 |   0.0
        D:3 |      41 |       3 |   6.8 |      20 |       2 |   9.1
        D:4 |       6 |       0 |   0.0 |       2 |       0 |   0.0
            +---------+---------+-------+---------+---------+-------
